 Dungeon Crawl Stone Soup version 0.31-a0-654-gbe3e110b4e (webtiles) character file.

Game seed: 2034955524206237622

13 holysushi the Cutter (level 2, -3/19 HPs)
             Began as a Kobold Monk on Aug 29, 2023.
             Succumbed to a goblin's poison
             ... on level 1 of the Dungeon.
             The game lasted 00:00:25 (375 turns).

holysushi the Cutter (Kobold Monk)                   Turns: 375, Time: 00:00:26

Health: -3/19      AC:  2    Str:  8    XL:     2   Next: 50%
Magic:  2/2        EV: 16    Int: 11    God:
Gold:   23         SH:  0    Dex: 17    Spells: 1/1 levels left

rFire   . . .        a - +0 short sword
rCold   . . .        (no shield)
rNeg    . . .        b - +0 robe
rPois   .            (no helmet)
rElec   .            (no cloak)
rCorr   .            (no gloves)
SInv    .            (no boots)
Will    .....        (no amulet)
Stlth   +++          (no ring)
HPRegen 0.23/turn    (no ring)
MPRegen 0.08/turn

%: no passive effects
@: lethally poisoned (-3 -> -22)
A: small, no large weapons, nightstalker 3
a: no special abilities


You were on level 1 of the Dungeon.
You visited 1 branch of the dungeon, and saw 1 of its levels.

You collected 23 gold pieces.

Inventory:

Hand Weapons
 a - a +0 short sword (weapon)
Armour
 b - a +0 robe (worn)
Jewellery
 e - a +4 ring of protection
Scrolls
 f - a scroll of identify {unknown}
Potions
 c - a potion of ambrosia
 d - a potion of degeneration {unknown}


   Skills:
 - Level 3.2 Fighting
 + Level 5.0 Short Blades
 - Level 3.6 Dodging


You had one spell level left.
You didn't know any spells.
Your spell library was empty.

Dungeon Overview and Level Annotations

Branches:
Dungeon (1/15) Zot: 5633

Altars:


Innate Abilities, Weirdness & Mutations

You are small and have problems with some larger weapons.
You are completely attuned to the shadows.


Message History

You barely miss the frilled lizard. The frilled lizard closely misses you.
Your unstable footing causes you to fumble your attack.
The frilled lizard misses you.
Your unstable footing causes you to fumble your attack.
The frilled lizard bites you.
You hit the frilled lizard.
You kill the frilled lizard!
Why would you want to do that?
No target in view!
Why would you want to do that?
No target in view!
You now have 23 gold pieces (gained 16).
A ball python and a hobgoblin come into view.
There are monsters nearby!
There are monsters nearby!
There are monsters nearby!
A goblin comes into view. It is wielding a +2 dagger of venom.
The hobgoblin shouts!
The goblin shouts!
The ball python hisses angrily.
The ball python closely misses you. x2; The hobgoblin closely misses you.
The goblin misses you.
You closely miss the goblin. The ball python closely misses you.
The ball python barely misses you. The hobgoblin closely misses you.
The goblin hits you with a +2 dagger of venom.
You are poisoned.
You hit the goblin.
The goblin is severely wounded.
You feel very sick. The ball python bites you.
The ball python closely misses you.
You closely miss the goblin.
The goblin is severely wounded.
You feel sick. The hobgoblin hits you.
The goblin hits you with a +2 dagger of venom.
* * * LOW HITPOINT WARNING * * *
You are more poisoned.
The ball python bites you but does no damage.
The ball python misses you.
Press: ? - help, v - describe, . - travel
Here: a ball python The floor.
You die...

.# .## ..## ...##
....# ...## #####
#.##############...#
......#..........#.#
.#.##...###~###.@#g#
...##...#.#≈#.#...g#
#####.###.#≈#.###.S#
# #.....#≈#......# #
#.###.#≈#.###..# #
#...#.#≈#.#....#
###.###~###.# #
#.........##.#
###.#####....#


You could see a hobgoblin and a ball python.

Vanquished Creatures
  2 ball pythons (D:1)
  2 bats (D:1)
  A goblin (D:1)
  3 quokkas (D:1)
  3 frilled lizards (D:1)
  A kobold (D:1)
  A rat (D:1)
13 creatures vanquished.

Notes
Turn   | Place    | Note
-------+----------+-------------------------------------------
     0 | D:1      | holysushi the Kobold Monk began the quest for the Orb.
     0 | D:1      | Reached XP level 1. HP: 14/14 MP: 1/1
   198 | D:1      | Reached XP level 2. HP: 19/19 MP: 2/2
   306 | D:1      | Reached skill level 5 in Short Blades
   375 | D:1      | Succumbed to a goblin's poison

Illustrated notes

Levels and vault maps discovered:
D:1:      minmay_arrival_nine_rooms, layout_loops_cross,
          ebering_ecumenical_altar_abandoned, palyth_stone_intersect,
          hangedman_glass_teeth, grunt_decor_cap

Skill      XL: |  1  2 |
---------------+-------+-----
Short Blades   | 5 |  5.0
Fighting       | |  3.2
Dodging        | |  3.6

Action                     || total
---------------------------++-------
  Melee: Short sword       ||    39
         Punch             ||     1
   Stab: Sleeping          ||     3
 Armour: Robe              ||     3
  Dodge: Dodged            ||    30

Table legend: (Time is in decaauts)
 A = Elapsed time spent in this place.
 B = Non-inter-level travel time spent in this place.
 C = Inter-level travel time spent in this place.
 D = Time resting spent in this place.
 E = Time spent auto-exploring this place.
 F = Levels seen in this place.
 G = Mean time per level.
                   A        B        C        D        E       F      G
               +--------+--------+--------+--------+--------+-----+--------+
         Total |    366 |    366 |      0 |      0 |    270 |   1 |  366.0 |
       Dungeon |    366 |    366 |      0 |      0 |    270 |   1 |  366.0 |
               +--------+--------+--------+--------+--------+-----+--------+

Top non-repeatable levels by time:
     D:1: 366 daAuts
